 Dungeon Sprint DCSS version 0.18-a0-1347-gb9e2fb4 (webtiles) character file.

11093 Kidiri the Unseen (level 11, -3/58 HPs)
             Began as a Spriggan Enchanter on Feb 17, 2016.
             Was an Elder of Dithmenos.
             Shot with an arrow by a deep elf master archer (25 damage)
             ... in the Dungeon (Sprint II: "The Violet Keep of Menkaure").
             The game lasted 00:09:29 (1489 turns).

Kidiri the Unseen (Spriggan Enchanter)              Turns: 1489, Time: 00:09:29

Health: -3/58      AC:  3    Str:  4    XL:     11   Next: 44%
Magic:  17/29      EV: 32    Int: 18    God:    Dithmenos [****..]
Gold:   914        SH:  0    Dex: 19    Spells: 10 memorised, 1 level left

rFire  . . .     SeeInvis +     a - +1 dagger
rCold  . . .     Gourm    .     b - +1 robe
rNeg   . . .     Faith    .     (shield restricted)
rPois  +         Spirit   .     (helmet restricted)
rElec  .         Dismiss  .     (no cloak)
rCorr  .         Reflect  .     (gloves unavailable)
SustAt .         Harm     .     (boots unavailable)
MR     +....     NoTele   +     (no amulet)
Stlth  ++++++++++               (no ring)
                                y - ring of poison resistance

@: wreathed by umbra, very quick, somewhat resistant to hostile enchantments,
uncannily stealthy
A: unfitting armour, see invisible, herbivore 3, speed 3, slow metabolism 2
a: Shadow Step, Renounce Religion


You were in the Dungeon.
You worshipped Dithmenos.
Dithmenos was greatly pleased with you.
You were hungry.

You visited 1 branch You collected 1889 gold pieces.
You spent 975 gold pieces at shops.

Inventory:

Hand Weapons
 a - a +1 dagger (weapon)
Armour
 b - a +1 robe (worn)
Jewellery
 y - a ring of poison resistance (left hand)
Scrolls
 i - 3 scrolls of remove curse {unknown}
 j - a scroll of blinking
 k - 7 scrolls of identify {unknown}
 o - 2 scrolls of fear {unknown}
 s - a scroll of enchant armour {unknown}
 t - a scroll of enchant weapon {unknown}
 v - a scroll of recharging {unknown}
Potions
 f - 6 potions of flight {unknown}
 g - 2 potions of haste
 h - 4 potions of magic
 l - a potion of cure mutation {unknown}
 n - 4 potions of resistance {unknown}
 p - a potion of curing
 r - a potion of cancellation {unknown}
 u - a potion of agility {unknown}
 w - a potion of berserk rage
 x - a potion of mutation {unknown}
Books
 c - a book of Maledictions

   Spells                             Type                      Level
   a - Corona                         Hexes                        1
   b - Ensorcelled Hibernation        Hexes/Ice                    2
   c - Confuse                        Hexes                        3
   d - Tukima's Dance                 Hexes                        3
   e - Dazzling Spray                 Conjuration/Hexes            3
 e - a book of Burglary

   Spells                             Type                      Level
   a - Swiftness                      Charms/Air                   2
   b - Passwall                       Transmutation/Earth          2
   c - Passage of Golubria            Translocation                4
   d - Lee's Rapid Deconstruction     Earth                        5
   e - Darkness                       Hexes                        6
   f - Invisibility                   Hexes                        6
Comestibles
 d - 2 bread rations
 m - a royal jelly
 q - a slice of pizza


   Skills:
 + Level 6.5 Fighting
 * Level 11.9 Short Blades
 + Level 5.9 Armour
 * Level 15.3 Dodging
 * Level 16.6 Stealth
 * Level 13.1 Spellcasting
 + Level 4.9 Conjurations
 + Level 10.1 Hexes
 + Level 7.2 Translocations
 + Level 6.4 Transmutations
 + Level 5.5 Ice Magic
 + Level 4.6 Earth Magic
 - Level 2.9 Invocations


You had one spell level left.
You knew the following spells:

 Your Spells              Type           Power        Failure   Level  Hunger
a - Corona                Hex            #####..      1%          1    None
b - Ensorcelled Hibernat  Hex/Ice        #####.       1%          2    None
c - Confuse               Hex            #####...     1%          3    None
d - Tukima's Dance        Hex            #####...     1%          3    None
e - Dazzling Spray        Conj/Hex       #####...     1%          3    None
f - Passwall              Trmt/Erth      ####......   1%          2    None
g - Passage of Golubria   Tloc           N/A          3%          4    #......
h - Lee's Rapid Deconstr  Erth           ####......   28%         5    ####...
i - Invisibility          Hex            #####...     17%         6    ######.
j - Darkness              Hex            #####.....   17%         6    ######.


Dungeon Overview and Level Annotations

Branches:
Dungeon (1/1)

Altars:
Cheibriados
Dithmenos
Elyvilon
Fedhas
Gozag
Kikubaaqudgha
Makhleb
Nemelex Xobeh
Okawaru
Pakellas
Qazlal
Ru
Sif Muna
Trog
Vehumet
Xom
Yredelemnul
Zin
The Shining One
Beogh
Jiyva
Lugonu

Shops:
D %%:=}%*!=:[?(:![

Annotations:
D exclusions: Roxanne and oklob plant, Roxanne


Innate Abilities, Weirdness & Mutations

You are tiny and cannot use many weapons and most armour.
You have supernaturally acute eyesight.
You are an herbivore.
You cover ground extremely quickly.
You need consume almost no food.


Message History

You are feeling hungry.
You see here 2 arrows.
Casting: Dazzling Spray
Confirm with . or Enter, or press ? or * to list all spells.
Aiming: Dazzling Spray
Press: ? - help, Shift-Dir - straight line, f/p - deep elf master archer
Aim: a deep elf master archer, wielding a longbow and wearing a leather armour (hasn't noticed you, umbra)
Okay, then.
Unknown command.
Casting: Dazzling Spray
Confirm with . or Enter, or press ? or * to list all spells.
Aiming: Confuse
Press: ? - help, Shift-Dir - straight line, f/p - deep elf master archer
Aim: a deep elf master archer, wielding a longbow and wearing a leather armour (hasn't noticed you, umbra, chance to defeat MR: 10%)
The deep elf master archer resists with almost no effort.
The deep elf master archer shoots an arrow.
The arrow hits you!!
The deep elf master archer shoots an arrow.
The arrow hits you!!
You die... +#### ▓▓▓ ....§§.## ..▓ ..§§§..## ▓▓+▓▓▓▓.▓ §§z§§§§§##++## +.§.▓0..▓ ## zzz§§§##≈...### #.§§▓▓▓▓▓▓▓ #≈## zzzz

#e≈^..^.###§..▓≈≈≈≈≈≈
#≈≈#+++#+++#####@.^.#.##[§▓▓▓▓▓▓▓
≈≈≈.........#..+.^.(#..#)[▓.[....
≈≈≈≈.##+##..#%%####.#..#[=▓..%.).
≈≈≈≈##...##.####..+^##.#)§▓(%).)[
≈≈≈≈#..#..# ...#..#...####▓(...(.
≈≈####.#.####..#####..##.#▓..)..)
≈##.###'###.##..#..+..#..#▓[)..[.
≈#.).##.####.#..#..#..#).#▓.....(
≈+.#.'.<.'.##+..####..##.#▓.....[


You could see a deep elf master archer.

Vanquished Creatures
  A kraken (D)
  2 sphinxes (D)
  A crystal guardian (D)
  A fire dragon (D)
  2 deep trolls (D)
  2 death drakes (D)
  A siren (D)
  A yaktaur (D)
  3 polar bears (D)
  2 boulder beetles (D)
  3 hippogriffs (D)
  Menkaure (D)
  2 swamp drakes (D)
  4 necrophages (D)
  A wasp (D)
  3 crocodiles (D)
  A scorpion (D)
  3 worms (D)
  2 spectral giant cockroaches (D)
36 creatures vanquished.

Vanquished Creatures (others)
  A crocodile (D)
  4 tentacles (D)
  59 tentacle segments (D)
64 creatures vanquished.

Grand Total: 100 creatures vanquished

Notes
Turn   | Place    | Note
--------------------------------------------------------------
     0 | D        | Kidiri the Spriggan Enchanter began the quest for the Orb.
     0 | D        | Reached XP level 1. HP: 9/9 MP: 5/5
     1 | D        | Noticed a necrophage
     1 | D        | Noticed a necrophage
     1 | D        | Noticed a necrophage
     1 | D        | Noticed a necrophage
    10 | D        | Killed a necrophage
    10 | D        | Reached skill level 1 in Fighting
    10 | D        | Reached skill level 1 in Armour
    10 | D        | Reached skill level 5 in Dodging
    10 | D        | Reached skill level 7 in Stealth
    10 | D        | Reached XP level 2. HP: 15/15 MP: 5/8
    10 | D        | Reached XP level 3. HP: 18/18 MP: 6/10
    10 | D        | Reached XP level 4. HP: 23/23 MP: 6/11
    14 | D        | Killed a crocodile
    15 | D        | Killed a necrophage
    15 | D        | Reached skill level 5 in Short Blades
    15 | D        | Reached skill level 8 in Stealth
    15 | D        | Reached skill level 5 in Hexes
    15 | D        | Reached XP level 5. HP: 27/27 MP: 6/14
    25 | D        | Killed a necrophage
    25 | D        | Reached skill level 9 in Stealth
    42 | D        | Killed a necrophage
    42 | D        | Reached skill level 10 in Stealth
    42 | D        | Reached XP level 6. HP: 15/30 MP: 9/17
    48 | D        | Learned a level 2 spell: Ensorcelled Hibernation
    52 | D        | Learned a level 3 spell: Confuse
    56 | D        | Learned a level 3 spell: Tukima's Dance
    60 | D        | Learned a level 3 spell: Dazzling Spray
   280 | D        | Noticed a siren
   285 | D        | Noticed a boulder beetle
   285 | D        | Noticed a boulder beetle
   326 | D        | Killed a siren
   326 | D        | Reached skill level 10 in Dodging
   326 | D        | Reached skill level 11 in Stealth
   326 | D        | Reached skill level 1 in Conjurations
   326 | D        | Reached skill level 1 in Ice Magic
   326 | D        | Reached XP level 7. HP: 33/35 MP: 18/20
   337 | D        | Killed a boulder beetle
   354 | D        | Killed a boulder beetle
   354 | D        | Reached skill level 12 in Stealth
   354 | D        | Reached XP level 8. HP: 40/40 MP: 12/22
   390 | D        | Noticed a flying skull
   390 | D        | Noticed a flying skull
   391 | D        | Noticed a flying skull
   391 | D        | Noticed a flying skull
   391 | D        | Noticed a flying skull
   391 | D        | Noticed a flying skull
   392 | D        | Noticed a flying skull
   392 | D        | Noticed a flying skull
   392 | D        | Noticed a flying skull
   392 | D        | Noticed a flying skull
   392 | D        | Noticed a flying skull
   392 | D        | Noticed a flying skull
   392 | D        | Noticed Menkaure
   393 | D        | Found Witaloel's Distillery.
   393 | D        | Found Plog's Antique Armour Shop.
   394 | D        | Killed Menkaure
   427 | D        | Noticed an orange crystal statue
   432 | D        | Found Ceul's Magic Scroll Shop.
   432 | D        | Found Zeshrarch's Book Shop.
   433 | D        | Found Poawyxua's Book Boutique.
   433 | D        | Found Plog's Antique Armour Boutique.
   440 | D        | Found Sesooruu's Jewellery Boutique.
   440 | D        | Found Qystryuma's Distillery.
   443 | D        | Found Sir Bol's Assorted Antiques.
   443 | D        | Found Emerhen's Food Boutique.
   443 | D        | Noticed an unseen horror
   444 | D        | Found Kappynualu's Antique Weapon Boutique.
   446 | D        | Found Zuxam's Gadget Boutique.
   446 | D        | Found Lomufepi's Jewellery Shop.
   446 | D        | Noticed an unseen horror
   446 | D        | Noticed an oklob plant
   447 | D        | Found Nill's Food Shop.
   447 | D        | Found Lajusour's Food Boutique.
   447 | D        | Found Laitwux's Book Shoppe.
   459 | D        | Noticed a polar bear
   517 | D        | Found a corrupted altar of Lugonu.
   517 | D        | Found a viscous altar of Jiyva.
   518 | D        | Found a roughly hewn altar of Beogh.
   518 | D        | Found a stormy altar of Qazlal.
   519 | D        | Found a sparkling altar of Nemelex Xobeh.
   519 | D        | Found a blossoming altar of Fedhas.
   519 | D        | Found a glowing golden altar of the Shining One.
   520 | D        | Found an ancient bone altar of Kikubaaqudgha.
   520 | D        | Found a basalt altar of Yredelemnul.
   520 | D        | Found a shadowy altar of Dithmenos.
   521 | D        | Found a sacrificial altar of Ru.
   521 | D        | Found a bloodstained altar of Trog.
   521 | D        | Found a deep blue altar of Sif Muna.
   522 | D        | Found an opulent altar of Gozag.
   522 | D        | Found a radiant altar of Vehumet.
   522 | D        | Found an iron altar of Okawaru.
   523 | D        | Found a snail-covered altar of Cheibriados.
   523 | D        | Found a shimmering altar of Xom.
   524 | D        | Found an oddly glowing altar of Pakellas.
   525 | D        | Noticed a yaktaur
   525 | D        | Noticed a polar bear
   526 | D        | Noticed a polar bear
   526 | D        | Noticed a polar bear
   527 | D        | Killed a polar bear
   542 | D        | Killed a polar bear
   542 | D        | Reached skill level 13 in Stealth
   542 | D        | Reached skill level 10 in Spellcasting
   550 | D        | Killed a polar bear
   579 | D        | Killed a yaktaur
   579 | D        | Reached XP level 9. HP: 16/46 MP: 13/24
   622 | D        | Bought a book of Burglary for 975 gold pieces
   625 | D        | Learned a level 2 spell: Passwall
   630 | D        | Learned a level 4 spell: Passage of Golubria
   636 | D        | Learned a level 5 spell: Lee's Rapid Deconstruction
   643 | D        | Learned a level 6 spell: Invisibility
   677 | D        | Found a white marble altar of Elyvilon.
   677 | D        | Found a burning altar of Makhleb.
   677 | D        | Found a glowing silver altar of Zin.
   684 | D        | Became a worshipper of Dithmenos the Shadowed
   892 | D        | Noticed a death drake
   900 | D        | Noticed a death drake
   900 | D        | Noticed a crystal guardian
   903 | D        | Killed a crystal guardian
   903 | D        | Reached skill level 5 in Fighting
   903 | D        | Reached skill level 14 in Stealth
   903 | D        | Reached skill level 1 in Earth Magic
   903 | D        | Reached skill level 1 in Invocations
   904 | D        | Killed a death drake
   904 | D        | Reached * piety under Dithmenos
   904 | D        | Reached skill level 10 in Short Blades
   907 | D        | Killed a death drake
   907 | D        | Reached XP level 10. HP: 49/51 MP: 19/26
   919 | D        | Noticed a fire dragon
   921 | D        | Killed a fire dragon
   921 | D        | Reached ** piety under Dithmenos
   921 | D        | Reached skill level 5 in Armour
   948 | D        | Noticed a deep elf master archer
   953 | D        | Reached *** piety under Dithmenos
   954 | D        | Reached skill level 15 in Stealth
   992 | D        | Noticed a kraken
  1080 | D        | Killed a kraken
  1080 | D        | Reached skill level 5 in Translocations
  1080 | D        | Reached skill level 5 in Transmutations
  1215 | D        | Reached **** piety under Dithmenos
  1234 | D        | Noticed Roxanne
  1262 | D        | Noticed a deep troll
  1263 | D        | Noticed a deep troll
  1264 | D        | Killed a deep troll
  1264 | D        | Reached skill level 5 in Ice Magic
  1266 | D        | Killed a deep troll
  1266 | D        | Reached XP level 11. HP: 56/56 MP: 21/28
  1295 | D        | Learned a level 6 spell: Darkness
  1303 | D        | Noticed a sphinx
  1303 | D        | Noticed a sphinx
  1306 | D        | Killed a sphinx
  1306 | D        | Reached skill level 15 in Dodging
  1306 | D        | Reached skill level 16 in Stealth
  1307 | D        | Killed a sphinx
  1307 | D        | Reached skill level 10 in Hexes
  1489 | D        | Shot with an arrow by a deep elf master archer

Vault maps used:
D:        the_violet_keep_of_menkaure

Action                   |  1- 3 |  4- 6 |  7- 9 | 10-12 || total
-------------------------+-------+-------+-------+-------++-------
Melee: Dagger            |     6 |    36 |    53 |    23 ||   118
 Cast: Confuse           |       |       |     9 |     4 ||    13
       Ensorcelled Hiber |       |       |     7 |     6 ||    13
       Dazzling Spray    |       |       |     1 |     7 ||     8
       Corona            |       |       |     1 |       ||     1
       Invisibility      |       |       |     1 |     1 ||     2
Invok: Shadow Step       |       |       |       |     2 ||     2
  Use: Potion            |     1 |       |     3 |       ||     4
 Stab: Sleeping          |       |     4 |     9 |    14 ||    27
       Confused          |       |       |     8 |       ||     8
       Invisible         |       |       |     1 |     3 ||     4
